 Dungeon Crawl Stone Soup version 0.28.0-45-g0d030f2227 (webtiles) character file.

Game seed: 7421768567944201715

128 zeratav the Insei (level 5, 0/34 HPs)
             Began as an Octopode Transmuter on Apr 9, 2022.
             Succumbed to a scorpion's poison
             ... on level 3 of the Dungeon.
             The game lasted 00:02:50 (2929 turns).

zeratav the Insei (Octopode Transmuter)             Turns: 2929, Time: 00:02:50

Health: 0/34       AC:  1    Str: 11    XL:     5   Next: 12%
Magic:  8/8        EV: 13    Int: 15    God:
Gold:   91         SH:  0    Dex: 13    Spells: 7/8 levels left

rFire   . . .      SeeInvis .     - Unarmed
rCold   . . .      Faith    .   (no shield)
rNeg    . . .      Spirit   .   (helmet currently unavailable)
rPois   .          Reflect  .   (no amulet)
rElec   .          Harm     .   (no ring)
rCorr   .          Rampage  .   (no ring)
Will    .....                   (no ring)
Stlth   +++.......              (no ring)
HPRegen 0.11/turn               (no ring)
MPRegen 0.11/turn               (no ring)
                                (no ring)
                                (no ring)

@: lethally poisoned (0 -> -17), appendages (expiring)
A: tentacle spike 3, almost no armour, amphibious, 8 rings, camouflage 1,
gelatinous body 1, (nimble swimmer 1), tentacles
a: End Transformation


You were on level 3 of the Dungeon.
One of your tentacles had grown a beastly spike.
You visited 1 branch of the dungeon, and saw 3 of its levels.

You collected 91 gold pieces.


Innate Abilities, Weirdness & Mutations

One of your tentacles has grown a beastly spike.
You cannot wear most types of armour.
You are amphibious.
You can wear up to eight rings at the same time.
Your skin changes colour to match your surroundings (Stealth+).
Your rubbery body absorbs attacks. (AC +1, EV +1)
((You are camouflaged when in or above water. (Stealth+)))
You have tentacles for arms and can constrict up to eight enemies at once.


   Skills:
 + Level 2.2 Fighting
 + Level 2.8 Dodging
 + Level 2.7 Stealth
 * Level 4.2 Unarmed Combat
 - Level 2.0 Spellcasting
 - Level 2.0 Transmutations


You had 7 spell levels left.
You knew the following spells:

 Your Spells              Type           Power      Damage    Failure   Level
a - Beastly Appendage     Tmut           14%        N/A       10%         1

Your spell library contained the following spells:

 Spells                   Type           Power      Damage    Failure   Level
 Wereblood                Tmut           7%         N/A       14%         2
 Magic Dart               Conj           4%         1d3       22%         1
 Call Imp                 Summ           1%         N/A       32%         2
 Spider Form              Tmut/Pois      4%         N/A       41%         3
 Mephitic Cloud           Conj/Pois/Air  1%         N/A       54%         3
 Ice Form                 Ice/Tmut       4%         N/A       82%         4

Inventory:

Scrolls
 a - a scroll of fog {unknown}
 b - a scroll of blinking {unknown}
 c - 2 scrolls of identify {unknown}
 d - a scroll of vulnerability {unknown}
 e - 2 scrolls of teleportation {unknown}

Dungeon Overview and Level Annotations

Branches:
Dungeon (3/15)

Altars:

≈....≈.....#
.≈≈..≈.....#
...≈≈......#######
≈................#
≈
≈≈........####)###
gg ≈≈≈≈≈≈###.#
#)...######≈≈
#≈≈≈≈###..#
#..#)#..... ######
##.###..#)#.#.#
#.#<....@..).#
#.#.#..##s.#.#
..#.#..##÷.#.##..
#.#.#.............
#.#.#<###....##..#
.#.#.# #....#
#.... .....#
###.###..##.. #..#
.##


You could see a scorpion.


Message History

No target in view!
No target in view!
No target in view!
e - 2 scrolls labelled QEDUME ITZYWKU (gained 1)
Your tentacle spike disappears.
A goblin comes into view. It is wielding a +0 club.
The goblin shouts!
The goblin unwields a +0 club.
The goblin wields a +0 hunting sling.
The goblin shoots a sling bullet.
The sling bullet hits you!
HP[-8] MP[+1]
You take 8 damage, and now have 26/34 hp.
MASSIVE DAMAGE!! (PAUSE)
Your mp is fully restored (8).
One of your tentacles grows a vicious spike.
MP[-1]
You lost 1 mp, and now have 7/8 mp.
The goblin shoots a sling bullet.
The sling bullet hits you.
HP[-2]
You take 2 damage, and now have 24/34 hp.
The goblin shoots a sling bullet.
The sling bullet hits you!
* * * LOW HITPOINT WARNING * * *
Items here: ))) [[.
The goblin unwields a +0 hunting sling.
The goblin wields a +0 club.
The goblin hits you with a +0 club.
* * * LOW HITPOINT WARNING * * *
You tentacle-slap the goblin.
You kill the goblin!
No target in view!
HP[-10]
You take 10 damage, and now have 14/34 hp.
MASSIVE DAMAGE!! (PAUSE) No target in view!
No target in view!
No target in view!
No target in view!
No target in view!
No target in view!
No target in view!
No target in view!
No target in view!
No target in view!
No target in view!
No target in view!
No target in view!
No target in view!
Your transformation is almost over.
Your tentacle spike disappears.
A kobold comes into view. It is wielding a +0 whip.
A scorpion comes into view.
HP[+7] MP[+1]
You regained 7 hp, and now have 21/34 hp.
Your mp is fully restored (8).
One of your tentacles grows a vicious spike.
The kobold shouts!
You hear a shout! x2
MP[-1]
You lost 1 mp, and now have 7/8 mp.
The kobold barely misses you.
Things that are here:
a +0 club {mace}; a +0 hunting sling {sling}; 27 sling bullets HP[+1]
You barely miss the kobold. Your grab misses the kobold.
You pierce the kobold.
You squeeze the kobold.
You kill the kobold!
Your transformation is almost over.
You see here a +0 whip {mace}.
The scorpion stings you.
* * * LOW HITPOINT WARNING * * *
You are poisoned.
The scorpion poisons you!
You see here a jackal skeleton.
You tentacle-slap the scorpion. You grab the scorpion.
You squeeze the scorpion.
You constrict the scorpion, but do no damage.
You feel very sick. The scorpion barely misses you. x2
HP[-9]
You take 9 damage, and now have 13/34 hp.
MASSIVE DAMAGE!! (PAUSE)
You completely miss the scorpion.
You pierce the scorpion.
You constrict the scorpion, but do no damage.
You feel sick. The scorpion stings you.
* * * LOW HITPOINT WARNING * * *
You tentacle-slap the scorpion but do no damage.
You pierce the scorpion, but do no damage.
You constrict the scorpion.
You feel sick. The scorpion stings you.
* * * LOW HITPOINT WARNING * * *
You are lethally poisoned!
The scorpion poisons you!
HP[-5]
You take 5 damage, and now have 8/34 hp.
You tentacle-slap the scorpion. x2; You constrict the scorpion.
* * * LOW HITPOINT WARNING * * *
You feel very sick. The scorpion closely misses you.
HP[-4]
You take 4 damage, and now have 4/34 hp.
You tentacle-slap the scorpion but do no damage.
You squeeze the scorpion, but do no damage.
You constrict the scorpion.
You die...

Skill      XL: |  1  2  3  4 |
---------------+-------------+-----
Stealth        | 1 2 |  2.7
Fighting       | 2 |  2.2
Unarmed Combat | 4 |  4.2
Dodging        | |  2.8
Spellcasting   | |  2.0
Transmutations | |  2.0

Action                   |  1- 3 |  4- 6 || total
-------------------------+-------+-------++-------
Melee: Unarmed           |    66 |    49 ||   115
       Kick              |    19 |    18 ||    37
       Constrict         |    13 |    15 ||    28
       Tentacles         |     4 |    13 ||    17
       Punch             |     4 |     2 ||     6
 Cast: Beastly Appendage |    20 |    13 ||    33
 Stab: Sleeping          |     8 |     3 ||    11
Armor: Skin              |     3 |     5 ||     8
Dodge: Dodged            |    33 |    24 ||    57

Levels and vault maps discovered:
D:1:      onia_arrival_mini_spirals, layout_basic,
          nicolae_concentric_dashed_squares_mild
D:2:      layout_loops_ring, hellmonk_ecumenical_altar_inner_sanctum
D:3:      cheibrodos_helix_gallery, layout_loops_ring, nicolae_uskayaw_suspiria,
          led_sif_pool, uniq_robin, uniq_terence

Notes
Turn   | Place    | Note
-------+----------+-------------------------------------------
     0 | D:1      | zeratav the Octopode Transmuter began the quest for the
                  | Orb.
     0 | D:1      | Reached XP level 1. HP: 13/13 MP: 3/3
     0 | D:1      | magus.rc [v1.9.6]
   201 | D:1      | Reached XP level 2. HP: 18/18 MP: 3/5
   233 | D:1      | Reached skill level 1 in Stealth
   928 | D:2      | HP: 4/18 [bat (1)]
   929 | D:2      | Reached XP level 3. HP: 6/23 MP: 4/6
  1549 | D:2      | Reached skill level 2 in Stealth
  1861 | D:2      | Reached XP level 4. HP: 29/29 MP: 5/7
  1954 | D:2      | Found a faded altar of an unknown god.
  2614 | D:3      | Reached skill level 2 in Fighting
  2614 | D:3      | Reached skill level 4 in Unarmed Combat
  2630 | D:3      | Reached XP level 5. HP: 23/34 MP: 8/8
  2727 | D:3      | You pick up a book of Minor Magic and begin reading...
  2727 | D:3      | You add the spells Magic Dart, Call Imp and Mephitic Cloud
                  | to your library.
  2927 | D:3      | HP: 8/34 [scorpion (2)]
  2929 | D:3      | Succumbed to a scorpion's poison

Vanquished Creatures
  A centaur skeleton (D:3)
  4 adders
  2 worms (D:2)
  3 dart slugs
  4 orcs (D:3)
  2 ball pythons
  5 endoplasms
  A giant cockroach (D:2)
  4 goblins
  5 hobgoblins (D:1)
  2 jackals (D:3)
  A quokka (D:1)
  4 bats
  A frilled lizard (D:1)
  4 kobolds
  4 rats
47 creatures vanquished.

Table legend:
 A = Non-vault XP
 B = Vault XP
 C = Vault XP percentage of total XP
 D = Non-vault monster count
 E = Vault monster count
 F = Vault count percentage of total count
                 A         B        C        D         E       F
            +---------+---------+-------+---------+---------+-------
      Total |     178 |       6 |   3.3 |      43 |       4 |   8.5
            +---------+---------+-------+---------+---------+-------
        D:1 |      24 |       0 |   0.0 |      14 |       0 |   0.0
        D:2 |      76 |       0 |   0.0 |      17 |       0 |   0.0
        D:3 |      78 |       6 |   7.1 |      12 |       4 |  25.0
            +---------+---------+-------+---------+---------+-------

Illustrated notes

Table legend:
 A = Kills in this place as a percentage of kills in entire the game.
 B = Kills by you in this place as a percentage of kills by you in the entire game.
 C = Kills by friends in this place as a percentage of kills by friends in the entire game.
 D = Other kills in this place as a percentage of other kills in the entire game.
 E = Experience gained in this place as a percentage of experience gained in the entire game.
 F = Experience gained in this place divided by the number of levels of this place that you have seen.
                   A       B       C       D       E      F
               +-------+-------+-------+-------+-------+----------------------
         Total | 100.0 | 100.0 |   N/A |   N/A | 100.0 |  61.3
       Dungeon | 100.0 | 100.0 |   N/A |   N/A | 100.0 |  61.3
               +-------+-------+-------+-------+-------+----------------------

Table legend: (Time is in decaauts)
 A = Elapsed time spent in this place.
 B = Non-inter-level travel time spent in this place.
 C = Inter-level travel time spent in this place.
 D = Time resting spent in this place.
 E = Time spent auto-exploring this place.
 F = Levels seen in this place.
 G = Mean time per level.
                   A        B        C        D        E       F      G
               +--------+--------+--------+--------+--------+-----+--------+
         Total |   2927 |   2854 |     73 |    564 |   1943 |   3 |  975.7 |
       Dungeon |   2927 |   2854 |     73 |    564 |   1943 |   3 |  975.7 |
               +--------+--------+--------+--------+--------+-----+--------+

Top non-repeatable levels by time:
     D:2: 1673 daAuts
     D:1: 921 daAuts
     D:3: 332 daAuts
